 Dungeon Crawl Stone Soup version 0.27.1-33-g824d729ab1 (webtiles) character file.

Game seed: 2989499630640677011

107 dianekeaton the Chopper (level 4, 0/39 HPs)
             Began as a Hill Orc Fighter on Dec 9, 2021.
             Slain by a gnoll (6 damage)
             ... on level 3 of the Dungeon.
             The game lasted 00:04:21 (2155 turns).

dianekeaton the Chopper (Hill Orc Fighter)          Turns: 2155, Time: 00:04:22

Health: 0/39       AC:  6    Str: 19    XL:     4   Next: 86%
Magic:  4/4        EV:  7    Int:  8    God:
Gold:   204        SH:  9    Dex: 10    Spells: 3/3 levels left

rFire    . . .     SeeInvis .   a - +0 war axe
rCold    . . .     Faith    .   c - +0 kite shield
rNeg     . . .     Spirit   .   b - +0 scale mail
rPois    .         Reflect  .   (no helmet)
rElec    .         Harm     .   (no cloak)
rCorr    .         Rampage  .   (no gloves)
Will     .....                  (no boots)
Stlth    ..........             (no amulet)
HPRegen  0.13/turn              (no ring)
MPRegen  0.09/turn              (no ring)

@: no status effects
A: no striking features
a: no special abilities


You were on level 3 of the Dungeon.
You visited 1 branch of the dungeon, and saw 4 of its levels.

You collected 204 gold pieces.

Inventory:

Hand Weapons
 a - a +0 war axe (weapon)
Armour
 b - a +0 scale mail (worn)
 c - a +0 kite shield (worn)
Scrolls
 f - a scroll of fog {unknown}
 g - a scroll of teleportation {unknown}
 h - a scroll of amnesia {unknown}
 i - a scroll of noise {unknown}
 j - a scroll of acquirement {unknown}
 k - a scroll of blinking {unknown}
 n - a scroll of enchant weapon {unknown}
Potions
 e - a potion of curing
 l - a potion of brilliance {unknown}
 m - a potion of berserk rage {unknown}


   Skills:
 - Level 3.6 Fighting
 + Level 6.1 Axes
 - Level 3.2 Armour
 - Level 1.0 Dodging
 - Level 0.2 Stealth
 - Level 3.2 Shields


You had 3 spell levels left.
You didn't know any spells.
Your spell library was empty.

Dungeon Overview and Level Annotations

Branches:
Dungeon (4/15)
 Temple: D:4-7

Altars:
Nemelex Xobeh

Annotations:
D:4 Grinder


Message History

You barely miss the gnoll.
The gnoll hits you from afar with a +0 spear.
You block the gnoll's attack.
The gnoll hits you from afar with a +0 spear.
Your shield prevents you from hitting the gnoll.
The gnoll hits you with a +0 spear. You block the gnoll's attack.
You hit the gnoll but do no damage. The gnoll hits you with a +0 spear.
The gnoll hits you from afar with a +0 spear.
The gnoll hits you but does no damage. x2
You slash the gnoll!
The gnoll is almost dead.
The gnoll closely misses you. You block the gnoll's attack.
You hit the gnoll.
You kill the gnoll!
The gnoll completely misses you.
The gnoll hits you from afar with a +0 spear.
* * * LOW HITPOINT WARNING * * *
Your Axes skill increases to level 6!
Your Dodging skill increases to level 1!
You feel better.
The gnoll hits you from afar with a +0 spear.
The gnoll hits you with a +0 spear.
* * * LOW HITPOINT WARNING * * *
Things that are here:
a +0 spear; a gnoll corpse You closely miss the gnoll.
You block the gnoll's attack.
You hit the gnoll but do no damage. The gnoll hits you with a +0 spear.
* * * LOW HITPOINT WARNING * * *
The gnoll barely misses you.
You barely miss the gnoll. The gnoll hits you with a +0 spear.
* * * LOW HITPOINT WARNING * * *
As you read the scroll labelled COPLYD GEUZUMN, it crumbles to dust.
The creatures around you are filled with an inner flame!
It was a scroll of immolation.
The gnoll hits you with a +0 spear.
* * * LOW HITPOINT WARNING * * *
You block the gnoll's attack. You block the gnoll's attack.
Found an escape hatch in the floor.
The gnoll hits you from afar with a +0 spear.
You die...

#.#
#########
#.#
#...g)..#
...
#.#####.#
### ...
#.#
#.##...#.
#.. #g#
#.g.g....
S.. #g#
#.##...#.
#.#####.#
###
#.@..>..#
####.####
#


You could see 2 gnolls.

Vanquished Creatures
  A hound (D:3)
  2 gnolls
  An adder (D:2)
  A dart slug (D:2)
  An orc (D:3)
  8 ball pythons
  3 bats
  2 endoplasms
  A giant cockroach (D:2)
  4 goblins
  4 hobgoblins
  2 jackals (D:2)
  4 quokkas
  3 frilled lizards
  2 kobolds (D:2)
  5 rats
44 creatures vanquished.

Vanquished Creatures (others)
  4 toadstools (D:1)
4 creatures vanquished.

Grand Total: 48 creatures vanquished

Notes
Turn   | Place    | Note
-------+----------+-------------------------------------------
     0 | D:1      | dianekeaton the Hill Orc Fighter began the quest for the
                  | Orb.
     0 | D:1      | Reached XP level 1. HP: 19/19 MP: 1/1
    11 | D:1      | Reached skill level 3 in Axes
    46 | D:1      | Reached XP level 2. HP: 26/26 MP: 2/2
   152 | D:1      | Reached skill level 4 in Axes
   611 | D:2      | Reached XP level 3. HP: 28/31 MP: 3/3
  1330 | D:2      | Found a faded altar of an unknown god.
  1439 | D:3      | Reached skill level 5 in Axes
  1622 | D:2      | Reached XP level 4. HP: 33/39 MP: 4/4
  1667 | D:3      | Found a sparkling altar of Nemelex Xobeh.
  1837 | D:4      | Noticed Grinder
  2139 | D:3      | Reached skill level 6 in Axes
  2139 | D:3      | Reached skill level 1 in Dodging
  2155 | D:3      | Slain by a gnoll

Illustrated notes

Levels and vault maps discovered:
D:1:      ldierk_walled_garden_2, layout_rooms, corexii_item_surrounded_by_moat
D:2:      layout_basic, basic_ecumenical_altar, serial_glass, glass_columns_c,
          glass_columns_a
D:3:      cheibrodos_greedy_goblins, layout_loops_corners,
          overflow_temple_1_default
D:4:      layout_rooms, old_standard_altar, minitemple, uniq_grinder

Skill      XL: |  1  2  3  4 |
---------------+-------------+-----
Axes           | 3 4 5 6 |  6.1
Dodging        | 1 |  1.0
Fighting       | |  3.6
Armour         | |  3.2
Stealth        | |  0.2
Shields        | |  3.2

Action                   |  1- 3 |  4- 6 || total
-------------------------+-------+-------++-------
Melee: War axe           |   109 |    38 ||   147
  Use: Potion            |     1 |     3 ||     4
       Scroll            |       |     1 ||     1
Armor: Scale mail        |    46 |    28 ||    74
Dodge: Dodged            |    35 |    23 ||    58
Block: Kite shield       |    58 |    35 ||    93
